Map: Heavy Artillery LE

Players

Massa

  • Race: Terran Terran
  • League: Gold
  • Spawn Location: 1:00

qqq

  • Race: Zerg Zerg
  • League: Platinum
  • Spawn Location: 3:00

DrMasl - Winner!

  • Race: Protoss Protoss
  • Spawn Location: 7:00

Paragon - Winner!

  • Race: Protoss Protoss
  • League: Diamond
  • Spawn Location: 7:00

VOD

Have the link to the VOD?

Description

Time

  • Played on: July 31, 2020, 2:07 p.m.
  • Length: 12:54
Show
View Real Time Build Order
Export as new Build Order

Massa Terran 

Build Orders: 2 Factory 

Get SALT Encoding   

  12  0:01  SCV  
  13  0:13  SCV  
  14  0:18  Supply Depot  
  14  0:25  SCV  
  15  0:30  Refinery  
  15  0:39  SCV  
  16  0:45  Barracks  
  16  0:51  SCV  
  17  0:57  Supply Depot  
  17  1:03  SCV  
  18  1:10  Refinery  
  18  1:15  SCV  
  19  1:28  SCV  
  20  1:40  SCV  
  21  1:47  Marine  
  21  1:52  SCV  
  22  1:57  Factory  
  22  2:12  Factory  
  22  2:23  Orbital Command  
  22  2:27  Marine  
  23  2:41  Factory Tech Lab  
  23  2:45  Marine  
  24  2:57  Factory Tech Lab  
  24  3:03  Marine, Siege Tank  
  26  3:28  Siege Tank  
  28  3:35  Siege Tank  
  31  3:47  Supply Depot  
  31  3:54  Supply Depot  
  31  3:56  Supply Depot  
  31  3:59  Engineering Bay  
  31  4:08  Marine  
  31  4:15  Siege Tank  
  31  4:19  Siege Tank  
  32  4:26  Marine  
  31  4:32  SCV  
  32  4:44  SCV, Marine  
  34  4:47  Widow Mine  
  34  4:51  Widow Mine  
  38  4:56  SCV  
  39  5:00  Missile Turret  
  39  5:01  Marine  
  40  5:17  SCV  
  40  5:19  Marine  
  42  5:29  SCV  
  43  5:37  Marine  
  43  5:39  Command Center  
  43  5:41  SCV  
  43  5:42  Widow Mine  
  47  5:55  Supply Depot  
  47  6:03  SCV  
  47  6:14  Marine  
  47  6:16  SCV  
  47  6:17  Widow Mine x2  
  51  6:28  SCV  
  51  6:31  Marine  
  50  6:41  Widow Mine  
  50  6:42  Widow Mine  
  53  6:49  Marine  
  41  7:07  Orbital Command, Marine  
  39  7:12  Armory  
  39  7:21  Widow Mine x2  
  43  7:25  Marine  
  35  7:39  Missile Turret  
  35  7:43  Marine  
  35  7:58  Orbital Command  
  35  8:01  Marine  
  35  8:04  Widow Mine x2  
  40  8:12  Barracks  
  40  8:14  SCV  
  40  8:18  Marine  
  42  8:26  SCV  
  43  8:36  Marine  
  43  8:39  SCV  
  43  8:41  Thor  
  51  8:47  SCV  
  52  8:51  SCV  
  52  8:54  Marine  
  54  8:59  SCV  
  55  9:03  SCV  
  56  9:11  Thor  
  56  9:12  SCV, Marine  
  64  9:24  SCV  
  65  9:36  SCV  
  65  9:37  Refinery  
  66  9:44  Refinery, SCV  
  67  9:48  SCV  
  68  9:56  SCV  
  69  10:00  SCV  
  69  10:07  Supply Depot x2  
  69  10:08  SCV  
  69  10:11  Supply Depot  
  69  10:13  Supply Depot  
  70  10:28  Thor  
  76  10:35  Thor  
  82  10:50  Missile Turret  
  82  10:51  Missile Turret  
  82  10:53  SCV x2  
  82  10:57  Command Center  
  84  10:59  Marine  
  84  11:02  Barracks Reactor  
  85  11:05  SCV x2  
  85  11:11  Thor  
  92  11:12  Missile Turret  
  92  11:16  Missile Turret  
  92  11:17  SCV, Marine  
  94  11:27  SCV  
  94  11:29  SCV  
  96  11:34  Marine  
  96  11:39  SCV  
  98  11:41  SCV  
  99  11:51  SCV  
  99  11:52  Missile Turret x2  
  99  11:53  Supply Depot  
  100  11:56  Supply Depot  
  100  12:01  Supply Depot  
  100  12:02  Supply Depot  
  100  12:14  Missile Turret  
  112  12:26  Supply Depot  
  112  12:27  Supply Depot  
  74  12:50  Supply Depot  
Show
View Real Time Build Order
Export as new Build Order

qqq Zerg 

Build Orders: Hatch First 

Get SALT Encoding   

  12  0:07  Drone  
  12  0:08  Drone  
  14  0:35  Hatchery  
  13  0:44  Drone  
  13  0:49  Overlord  
  14  0:52  Extractor  
  14  0:55  Drone  
  14  1:08  Drone  
  14  1:09  Drone  
  16  1:17  Drone  
  17  1:22  Spawning Pool  
  16  1:37  Drone  
  17  1:41  Drone  
  18  1:55  Drone  
  18  1:56  Drone  
  20  2:02  Drone  
  20  2:03  Drone  
  22  2:21  Zergling x2  
  22  2:22  Zergling x2  
  24  2:23  Drone  
  24  2:25  Drone  
  26  2:32  Drone  
  26  2:33  Hatchery  
  26  2:36  Metabolic Boost  
  26  2:39  Zergling x2  
  26  2:42  Drone  
  28  2:45  Overlord  
  28  2:51  Evolution Chamber  
  28  2:54  Drone  
  28  2:58  Overlord  
  28  3:10  Zergling x2  
  28  3:11  Zergling x2  
  30  3:14  Queen  
  30  3:17  Queen  
  34  3:21  Zergling x2  
  34  3:22  Zergling x2  
  36  3:33  Overlord  
  36  3:34  Overlord  
  34  3:57  Zergling x4  
  34  3:58  Drone x3  
  34  3:59  Drone  
  34  4:00  Zerg Melee Weapons Level 1  
  34  4:01  Drone  
  41  4:11  Spore Crawler  
  41  4:14  Spore Crawler  
  39  4:22  Zergling x6  
  43  4:24  Drone, Hatchery  
  43  4:26  Drone  
  42  4:38  Zergling x2  
  42  4:39  Zergling x6  
  42  4:40  Zergling x4  
  42  4:41  Drone  
  47  5:08  Zergling x2  
  47  5:09  Drone, Zergling x4  
  47  5:10  Drone x4, Zergling x4  
  50  5:29  Zergling x2  
  50  5:30  Drone, Zergling x4  
  50  5:35  Spore Crawler  
  53  5:37  Drone, Zergling x2  
  55  5:46  Drone x2  
  55  5:47  Zergling x4  
  59  5:52  Hatchery  
  59  5:55  Zergling x2  
  59  5:56  Zergling x4  
  59  5:57  Zergling x2  
  62  6:10  Zerg Ground Armor Level 1, Spore Crawler  
  59  6:13  Overlord x2  
  59  6:16  Overlord  
  52  6:30  Hatchery  
  45  6:41  Drone x2  
  45  6:42  Drone x4, Zergling x4  
  45  6:43  Zergling x4  
  52  6:50  Zergling x6  
  55  7:08  Drone  
  56  7:10  Drone x2  
  56  7:11  Drone x2  
  56  7:13  Zergling x6  
  56  7:14  Zergling x4  
  65  7:20  Lair  
  65  7:26  Evolution Chamber  
  65  7:29  Spore Crawler  
  63  7:31  Spine Crawler  
  63  7:33  Spore Crawler  
  61  7:51  Spore Crawler x2  
  60  7:53  Zergling x2  
  60  7:54  Zergling x10  
  60  7:55  Drone x6  
  60  7:56  Drone x2  
  71  8:08  Overlord x2  
  53  8:22  Drone x3  
  53  8:23  Zergling x6  
  53  8:24  Zergling x4  
  61  8:35  Hatchery, Spore Crawler  
  44  8:49  Zergling x2  
  44  8:50  Zergling x12  
  44  8:51  Zergling x16  
  57  9:03  Zergling x4  
  57  9:04  Drone x3  
  60  9:13  Zergling x4  
  60  9:16  Zerg Ground Armor Level 2, Zerg Melee Weapons Level 2  
  52  9:35  Zergling x8  
  52  9:36  Drone x6  
  47  9:46  Zergling x4  
  47  9:47  Zergling x6  
  51  9:53  Drone x3  
  52  10:04  Spine Crawler, Zergling x4  
  52  10:05  Hatchery x2, Drone x2  
  52  10:14  Zergling x4  
  52  10:20  Drone x4  
  57  10:21  Hatchery, Drone  
  57  10:41  Zergling x6  
  57  10:42  Drone x2, Hatchery  
  61  10:43  Drone  
  61  10:47  Drone  
  61  10:48  Drone  
  64  11:12  Zergling x4  
  64  11:13  Drone x4  
  64  11:17  Overlord  
  70  11:18  Overlord x3  
  70  11:19  Overlord  
  62  11:29  Zergling x2  
  61  11:38  Infestation Pit  
  60  11:40  Drone x6  
  60  11:41  Drone x4  
  60  11:42  Zergling x2  
  71  11:47  Drone x2  
  71  11:53  Drone  
  71  11:54  Drone x5  
  77  11:55  Zergling x2  
  77  11:59  Spore Crawler  
  77  12:00  Drone x3  
  82  12:03  Drone  
  82  12:04  Drone x2, Zergling x2  
  82  12:05  Zergling x6  
  85  12:18  Zergling x4  
  85  12:19  Zergling x6  
  85  12:20  Zergling x12  
  87  12:34  Zergling x8  
  87  12:35  Zergling x8  
Show
View Real Time Build Order
Export as new Build Order

DrMasl Protoss - Winner!

Build Orders: Zealot Archon 

Get SALT Encoding   

  12  0:00  Probe  
  13  0:12  Probe  
  14  0:21  Pylon  
  14  0:24  Probe  
  15  0:39  Probe (Chrono Boost)  
  15  0:40  Gateway  
  16  0:49  Probe (Chrono Boost)  
  17  0:53  Assimilator  
  17  0:54  Probe (Chrono Boost)  
  18  1:04  Gateway  
  18  1:08  Probe  
  19  1:20  Probe  
  20  1:27  Cybernetics Core  
  20  1:32  Probe  
  21  1:34  Pylon  
  21  1:44  Probe  
  22  2:04  Adept x2 (Chrono Boost)  
  26  2:10  Warp Gate  
  26  2:11  Probe  
  27  2:23  Pylon  
  29  2:32  Stalker  
  29  2:35  Nexus  
  29  2:36  Probe  
  30  2:48  Probe, Assimilator  
  31  3:00  Probe  
  33  3:12  Probe  
  33  3:25  Probe, Robotics Facility  
  34  3:28  Pylon  
  34  3:37  Probe  
  35  3:47  Probe  
  36  3:49  Probe  
  36  3:50  Twilight Council  
  37  3:59  Probe  
  37  4:01  Probe  
  39  4:06  Gateway  
  39  4:08  Gateway  
  39  4:10  Gateway  
  39  4:16  Warp Prism  
  41  4:19  Probe x2  
  43  4:28  Charge  
  43  4:31  Probe x2  
  45  4:34  Templar Archives  
  45  4:38  Adept x2  
  45  4:43  Probe  
  45  4:44  Probe  
  47  4:48  Assimilator  
  47  4:51  Pylon  
  47  4:55  Probe  
  48  5:05  Adept  
  50  5:09  Adept  
  48  5:25  Probe x2  
  46  5:36  High Templar  
  46  5:37  Probe x2  
  50  5:43  Assimilator  
  50  5:49  Probe x2  
  52  6:01  Probe x2  
  54  6:05  High Templar  
  54  6:09  Zealot x4  
  54  6:10  Archon  
  64  6:12  Nexus  
  64  6:13  Probe x2  
  66  6:25  Probe x2  
  64  6:33  Zealot  
  64  6:34  Zealot x3  
  64  6:37  Probe x2  
  60  6:47  Zealot  
  60  6:49  Probe  
  63  6:59  Probe  
  64  7:01  Probe  
  64  7:06  Pylon  
  65  7:09  Assimilator  
  65  7:11  Probe  
  65  7:12  Assimilator  
  65  7:14  Probe  
  67  7:15  Pylon  
  67  7:23  Forge x2  
  67  7:27  Gateway  
  67  7:30  Probe x2  
  67  7:31  Gateway  
  67  7:32  Gateway  
  67  7:33  High Templar  
  67  7:34  High Templar  
  67  7:35  Zealot  
  67  7:36  Zealot x2  
  79  7:41  Observer  
  79  7:43  Archon  
  80  7:55  Probe  
  80  7:56  Gateway  
  81  7:59  Gateway  
  81  8:01  Gateway, Zealot  
  81  8:02  Zealot x2  
  87  8:11  Zealot x2  
  83  8:19  Protoss Ground Weapons Level 1 (Chrono Boost), Protoss Ground Armor Level 1 (Chrono Boost)  
  81  8:29  Photon Cannon  
  81  8:31  Photon Cannon  
  77  9:00  Probe  
  74  9:04  Probe  
  73  9:12  Probe  
  73  9:16  Probe  
  73  9:20  Zealot  
  73  9:21  Zealot x3  
  73  9:22  Zealot x3  
  73  9:23  Zealot, Nexus  
  79  9:54  Zealot x3  
  79  9:55  Zealot x3  
  79  9:56  Zealot  
  79  9:57  Probe  
  79  9:58  Probe  
  95  10:02  Pylon  
  95  10:04  Pylon  
  89  10:15  Protoss Ground Weapons Level 2 (Chrono Boost), Protoss Ground Armor Level 2 (Chrono Boost)  
  89  10:17  Probe  
  89  10:20  High Templar x6  
  89  10:21  High Templar  
  90  10:29  High Templar x4  
  90  10:32  Archon  
  90  10:33  Archon x4  
  98  10:36  Probe  
  98  10:38  Probe x2  
  101  10:46  Photon Cannon  
  101  10:47  Photon Cannon  
  101  10:48  Probe  
  102  10:50  Probe, Gateway  
  102  10:51  Probe, Gateway  
  102  10:52  Gateway  
  102  10:54  High Templar  
  102  10:55  Gateway  
  102  10:56  Gateway, High Templar  
  102  10:57  High Templar x4  
  116  11:08  Probe  
  117  11:12  Zealot  
  117  11:13  Zealot x3  
  125  11:21  Archon x2  
  125  11:22  Archon  
  117  11:30  Gateway  
  117  11:34  High Templar  
  117  11:36  Probe  
  117  11:39  Assimilator  
  120  11:43  Archon  
  120  11:44  Pylon, Assimilator  
  120  11:47  Pylon  
  120  11:52  Zealot x5  
  130  11:54  Probe  
  130  11:55  Probe  
  130  12:00  Pylon  
  132  12:02  Probe  
  132  12:04  Pylon  
  132  12:05  High Templar x2  
  132  12:06  High Templar x4  
  132  12:07  High Templar  
  147  12:10  Archon x3  
  147  12:25  Zealot x3  
  147  12:32  Zealot x4  
  147  12:33  Zealot x2  
  145  12:40  Zealot x3  
  145  12:41  Zealot x2  
  141  12:47  Zealot x4  
Show
View Real Time Build Order
Export as new Build Order

Paragon Protoss - Winner!

Build Orders: 1 Gate Expand, Oracle Opening, Phoenix Opening, Carriers, Mass Phoenix 

Get SALT Encoding   

  12  0:00  Probe  
  13  0:12  Probe  
  14  0:18  Pylon  
  14  0:24  Probe (Chrono Boost)  
  15  0:37  Probe (Chrono Boost)  
  15  0:42  Gateway  
  16  0:45  Probe (Chrono Boost)  
  16  0:49  Assimilator  
  17  0:51  Probe  
  18  1:03  Probe  
  19  1:21  Nexus  
  19  1:29  Cybernetics Core  
  19  1:34  Assimilator  
  19  1:36  Probe  
  20  1:47  Pylon  
  20  1:48  Probe (Chrono Boost)  
  21  1:59  Probe (Chrono Boost)  
  22  2:04  Probe (Chrono Boost)  
  22  2:05  Adept  
  25  2:14  Probe  
  26  2:20  Stargate  
  26  2:26  Pylon  
  26  2:27  Probe (Chrono Boost)  
  27  2:32  Probe (Chrono Boost)  
  28  2:39  Probe (Chrono Boost)  
  28  2:43  Probe (Chrono Boost)  
  30  2:45  Probe (Chrono Boost)  
  30  2:48  Probe (Chrono Boost)  
  30  2:50  Stargate  
  32  2:52  Probe  
  33  2:59  Probe  
  33  3:00  Assimilator  
  34  3:11  Oracle (Chrono Boost)  
  34  3:13  Probe  
  34  3:18  Probe  
  39  3:20  Pylon  
  39  3:23  Assimilator  
  39  3:25  Probe  
  40  3:31  Probe  
  41  3:37  Phoenix  
  41  3:38  Probe  
  44  3:43  Probe  
  44  3:44  Shield Battery  
  45  3:50  Probe (Chrono Boost)  
  45  3:52  Phoenix  
  45  3:55  Probe (Chrono Boost), Shield Battery  
  47  3:59  Pylon  
  48  4:07  Probe (Chrono Boost)  
  48  4:08  Probe (Chrono Boost)  
  48  4:09  Phoenix  
  51  4:17  Probe, Phoenix  
  54  4:34  Phoenix  
  56  4:41  Probe  
  56  4:42  Phoenix  
  56  4:43  Probe  
  56  4:45  Forge  
  60  4:46  Pylon  
  60  4:53  Probe  
  60  4:56  Probe  
  62  5:13  Phoenix  
  62  5:14  Phoenix  
  66  5:25  Probe x2  
  66  5:27  Shield Battery  
  68  5:31  Photon Cannon  
  68  5:35  Photon Cannon  
  68  5:37  Probe  
  68  5:38  Fleet Beacon  
  69  5:44  Stargate  
  69  5:52  Probe x2  
  69  5:54  Nexus  
  71  5:59  Pylon  
  71  6:00  Pylon  
  72  6:04  Probe x2  
  73  6:16  Probe x2  
  75  6:19  Photon Cannon  
  75  6:22  Assimilator  
  75  6:28  Probe x2  
  77  6:32  Carrier (Chrono Boost)  
  77  6:33  Carrier (Chrono Boost)  
  89  6:40  Probe x2, Assimilator  
  88  6:52  Probe x2  
  86  6:59  Nexus  
  85  7:02  Photon Cannon  
  85  7:04  Probe  
  85  7:05  Photon Cannon  
  85  7:07  Photon Cannon  
  86  7:11  Photon Cannon  
  86  7:16  Pylon  
  86  7:17  Pylon  
  86  7:18  Protoss Air Weapons Level 1 (Chrono Boost)  
  86  7:19  Pylon  
  86  7:32  Probe x2  
  86  7:33  Carrier (Chrono Boost)  
  92  7:44  Probe x2  
  90  7:52  Carrier (Chrono Boost)  
  90  7:56  Probe x2  
  98  8:08  Probe x2  
  98  8:10  Carrier (Chrono Boost)  
  106  8:20  Probe x2  
  106  8:24  Nexus  
  106  8:26  Probe  
  109  8:30  Carrier (Chrono Boost)  
  109  8:32  Probe  
  116  8:39  Probe x2  
  118  8:43  Pylon  
  118  8:45  Pylon  
  118  8:49  Carrier (Chrono Boost)  
  118  8:53  Protoss Shields Level 1 (Chrono Boost)  
  124  8:58  Probe (Chrono Boost)  
  124  8:59  Cybernetics Core  
  124  9:01  Pylon  
  124  9:02  Probe (Chrono Boost), Pylon  
  127  9:07  Probe (Chrono Boost)  
  128  9:12  Probe (Chrono Boost)  
  128  9:14  Probe (Chrono Boost), Photon Cannon  
  128  9:16  Shield Battery  
  128  9:17  Probe (Chrono Boost)  
  130  9:22  Probe (Chrono Boost)  
  132  9:25  Probe x2 (Chrono Boost)  
  132  9:28  Carrier (Chrono Boost)  
  132  9:29  Probe x2 (Chrono Boost)  
  140  9:32  Probe  
  141  9:40  Probe  
  141  9:42  Probe  
  143  9:45  Assimilator  
  143  9:48  Protoss Air Weapons Level 2 (Chrono Boost)  
  143  9:50  Protoss Air Armor Level 1 (Chrono Boost)  
  143  9:52  Assimilator  
  143  10:01  Stargate  
  143  10:03  Stargate  
  143  10:05  Twilight Council  
  143  10:07  Mothership  
  143  10:11  Carrier (Chrono Boost)  
  157  10:25  Pylon  
  157  10:28  Pylon  
  157  10:33  Pylon x2  
  157  10:38  Photon Cannon x2  
  157  10:41  Photon Cannon, Carrier (Chrono Boost)  
  163  10:49  Flux Vanes  
  169  10:50  Carrier (Chrono Boost)  
  169  10:56  Photon Cannon  
  175  10:59  Shield Battery  
  175  11:01  Carrier (Chrono Boost)  
  171  11:22  Photon Cannon, Carrier (Chrono Boost)  
  171  11:36  Photon Cannon  
  171  11:37  Photon Cannon  
  171  11:39  Photon Cannon  
  171  11:41  Photon Cannon  
  171  11:42  Photon Cannon  
  171  11:43  Carrier (Chrono Boost)  
  171  11:44  Photon Cannon  
  171  11:46  Shield Battery  
  177  11:48  Shield Battery  
  177  11:49  Shield Battery  
  177  11:51  Tempest (Chrono Boost)  
  192  12:40  Pylon  
  192  12:41  Pylon  
  192  12:45  Pylon  
  192  12:50  Assimilator  
  197  12:53  Assimilator  
Tags
 
Add a new tag
Caveats
  • Supply blocks, unpowered buildings, or Contaminate may cause inaccurate times.
  • Supply counts are checked every 10 seconds.